 Dungeon Crawl Stone Soup version 0.31-a0-865-g3d5d91748a (webtiles) character file.

Game seed: 12622164306704839850

74305 Mesmaeker13 the Destroyer (level 15, -29/82 HPs)
             Began as a Deep Elf Earth Elementalist on Oct 9, 2023.
             Was the Champion of Vehumet.
             Killed from afar by an ironbound thunderhulk (67 damage)
             ... with a bolt of lightning
             ... summoned by a worldbinder
             ... on level 2 of the Abyss on Oct 10, 2023.
             The game lasted 01:08:22 (23941 turns).

Mesmaeker13 the Destroyer (DEEE)                   Turns: 23941, Time: 01:08:22

Health: -29/82     AC: 14    Str:  8    XL:     15   Next: 6%
Magic:  35/43      EV: 19    Int: 26    God:    Vehumet [******]
Gold:   2034       SH:  6    Dex: 15    Spells: 17/40 levels left

rFire   . . .        Q - +1 scimitar (flame)
rCold   . . .        O - +0 buckler "Bihoa" {rN+ Str+3 Stlth-}
rNeg    + . .        L - +0 leather armour {rPois}
rPois   +            j - +1 hat of the Turtledove {Fly Regen+ MP+9 Stlth+}
rElec   .            I - +0 cloak {Will+}
rCorr   +            K - +2 pair of gloves
SInv    .            y - +0 pair of boots
Will    ++...        t - amulet of the acrobat
Stlth   ++           A - +4 ring of protection
HPRegen 1.13/turn    N - ring of resist corrosion
MPRegen 0.28/turn

%: acrobat
@: agile, flying
A: weak 1
a: Renounce Religion


You were on level 2 of the Abyss.
You worshipped Vehumet.
Vehumet was exalted by your worship.
You visited 4 branches of the dungeon, and saw 21 of its levels.
You visited the Abyss 1 time.

You collected 2112 gold pieces.
You spent 78 gold pieces at shops.

Inventory:

Hand Weapons
 B - a +4 morningstar of freezing
 Q - a +1 scimitar of flaming (weapon)
 R - the +1 war axe "Jiadail" {flame, rC- rN+ Will++ Str+2}
   (You found it on level 11 of the Dungeon)

   Str+2:     It affects your strength (+2).
   rC-:       It makes you vulnerable to cold.
   rN+:       It protects you from negative energy.
   Will++:    It greatly increases your willpower.
Missiles
 h - 6 throwing nets (quivered)
 S - 4 curare-tipped darts
Armour
 j - the +1 hat of the Turtledove (worn) {Fly Regen+ MP+9 Stlth+}
   (You acquired it on level 3 of the Lair of Beasts)

   MP+9:      It affects your magic capacity (+9).
   Fly:       It grants you flight.
   Regen+:    It increases your rate of health regeneration.
   Stlth+:    It makes you more stealthy.
 x - a +1 ring mail of cold resistance
 y - a +0 pair of boots (worn)
 I - a +0 cloak of willpower (worn)
 K - a +2 pair of gloves (worn)
 L - a +0 leather armour of poison resistance (worn)
 O - the +0 buckler "Bihoa" (worn) {rN+ Str+3 Stlth-}
   (You took it off a gnoll sergeant on level 8 of the Dungeon)

   Str+3:     It affects your strength (+3).
   rN+:       It protects you from negative energy.
   Stlth-:    It makes you less stealthy.
 T - the +0 scale mail of the Depths {rElec Str-2 Slay+3}
   (You found it on level 5 of the Lair of Beasts)

   Str-2:     It affects your strength (-2).
   Slay+3:    It affects your accuracy & damage with ranged weapons and melee
   (+3).
   rElec:     It insulates you from electricity.
Jewellery
 o - a ring of poison resistance
 t - an amulet of the acrobat (around neck)
 A - a +4 ring of protection (left hand)
 N - a ring of resist corrosion (right hand)
 U - a ring of ice
Wands
 f - a wand of digging (4)
 n - a wand of iceblast (8)
 H - a wand of acid (8)
Scrolls
 i - a scroll of poison
 m - 6 scrolls of teleportation
 v - 3 scrolls of blinking
 D - 6 scrolls of fog
 F - 4 scrolls of fear
 P - 3 scrolls of revelation
Potions
 b - a potion of magic
 c - 11 potions of curing
 d - 3 potions of resistance
 e - a potion of brilliance {unknown}
 g - 3 potions of cancellation
 k - a potion of berserk rage
 l - 2 potions of haste
 q - a potion of might {unknown}
 u - 3 potions of enlightenment {unknown}
 E - 2 potions of heal wounds {unknown}
 G - 3 potions of ambrosia {unknown}


   Skills:
 + Level 5.5 Fighting
 - Level 7.1 Armour
 - Level 8.1 Dodging
 - Level 4.1 Stealth
 - Level 7.6 Shields
 - Level 13.0 Spellcasting
 + Level 13.9 Conjurations
 - Level 6.7 Transmutations
 + Level 7.3 Fire Magic
 + Level 9.7 Air Magic
 - Level 10.1 Earth Magic


You had 17 spell levels left.
You knew the following spells:

 Your Spells              Type           Power      Damage    Failure   Level
a - Fireball              Conj/Fire      32%        3d14      1%          5
b - Stone Arrow           Conj/Erth      100%       3d13      1%          3
c - Brom's Barrelling Bo  Conj/Erth      68%        2d8       1%          4
d - Passwall              Tmut/Erth      47%        N/A       1%          2
e - Iskenderun's Mystic   Conj/Tloc      52%        2d11      1%          4
f - Arcjolt               Conj/Air       34%        1d44      1%          5

Your spell library contained the following spells:

 Spells                   Type           Power      Damage    Failure   Level
 Iskenderun's Battlesphe  Conj           74%        2d12      1%          5
 Sandblast                Erth           100%       2d20      1%          1
 Dazzling Flash           Conj/Hex       100%       N/A       1%          3
 Inner Flame              Hex/Fire       35%        N/A       1%          3
 Swiftness                Air            61%        N/A       1%          3
 Volatile Blastmotes      Fire/Tloc      70%        2d15      1%          3
 Flame Wave               Conj/Fire      64%        2d15      1%          4
 Fulminant Prism          Conj/Hex       26%        3d13      1%          4
 Petrify                  Tmut/Erth      57%        N/A       1%          4
 Sticky Flame             Conj/Fire      64%        2d8       1%          4
 Starburst                Conj/Fire      32%        6d10      3%          6
 Vhi's Electric Charge    Tloc/Air       84%        N/A       9%          4
 Ensorcelled Hibernation  Hex/Ice        32%        N/A       10%         2
 Yara's Violent Unravell  Hex/Tmut       17%        3d8       12%         5
 Maxwell's Capacitive Co  Air            30%        ∞         86%         8
 Enfeeble                 Hex            8%         N/A       100%        7


Dungeon Overview and Level Annotations

Branches:
Dungeon (13/15)            Temple (1/1) D:5            Lair (5/5) D:11
  Swamp (0/4) Lair:3        Snake (0/4) Lair:2        Slime (0/5) Lair:4
    Orc (2/2) D:11            Elf (0/3) Orc:2
 Vaults: D:13-14

Altars:
Ashenzari
Cheibriados
Dithmenos
Elyvilon
Fedhas
Gozag
Hepliaklqana
Kikubaaqudgha
Makhleb
Nemelex Xobeh
Okawaru
Qazlal
Ru
Sif Muna
Trog
Uskayaw
Vehumet
Wu Jian
Xom
Yredelemnul
Zin
The Shining One
Jiyva

Shops:
D:7 [   Orc:2 ![(*(

Portals:
Abyss: D:9

Annotations:
D:4 3 runed translucent doors, NigelTetley's ghost, amateur DgHu; Pi314's ghost, novice DrCj; bmj180's ghost, amateur HuCj
D:8 Gastronok
D:9 2 transporters, Vorhees's ghost, novice DjCA


Innate Abilities, Weirdness & Mutations

You are weak. (Str -2)


Message History

Press: ? - help, Shift-Dir - straight line, f/p - large abomination
Aim: a large abomination (moderately damaged, 87% to hit)
The stone arrow hits the large abomination!!
The large abomination is severely damaged.
Casting: Stone Arrow (safe; 1% risk of failure)
Confirm with . or Enter, or press ? or * to list all spells.
Aiming: Stone Arrow (safe; 1% risk of failure)
Press: ? - help, Shift-Dir - straight line, f/p - large abomination
Aim: a large abomination (severely damaged, 87% to hit)
The stone arrow hits the large abomination!!
You destroy the large abomination!
Vehumet accepts your kill.
You feel your power returning.
You feel a little less mighty now.
An iron imp comes into view.
A raiju comes into view.
The worldbinder calls forth creatures from the Vaults!
A demonic crawler comes into view.
The ironbound thunderhulk shouts!
Strange energies crackle from the ironbound thunderhulk's apparatus.
The ironbound thunderhulk blinks!
Casting: Stone Arrow (safe; 1% risk of failure)
Confirm with . or Enter, or press ? or * to list all spells.
Aiming: Fireball (dangerous; 1% risk of failure)
Press: ? - help, Shift-Dir - straight line, f - green very ugly thing
Aim: a green very ugly thing (summoned)
The fireball explodes!
The fireball engulfs the green very ugly thing!!
The green very ugly thing is lightly wounded.
The fireball engulfs the ironbound thunderhulk!!
The ironbound thunderhulk is moderately wounded.
The raiju barks!
Something shouts, "Return whence thou came, thou vain beetle-headed toady!"
Electricity crackles from the ironbound thunderhulk's apparatus.
The bolt of lightning hits you!!!
Ouch! That really hurt!
Electricity crackles from the ironbound thunderhulk's apparatus.
The bolt of lightning hits you!!!
Ouch! That really hurt!
You die...

..... .........
.....##........
...............
5....#..........
#.............
#....h# ....
###.....#.....
#..........#..
#.####@.......
.. #........ .
.ux......
.O........
##...s.....
..........
###O..#### ....


You could see a green very ugly thing (summoned), 2 ironbound thunderhulks, a
demonic crawler, a worldbinder and a raiju.

Vanquished Creatures
  An eleionoma (Lair:3)
  Erolcha (D:10)
  5 hydras
  Harold (Orc:1)
  Erica (D:8)
  2 two-headed ogres
  A death yak (Lair:5)
  A centaur warrior (D:13)
  2 boulder beetles
  An orc high priest (Orc:2)
  A wretched star (Abyss:2)
  A skyshark (Lair:4)
  Amaemon (Lair:1)
  3 skeletal warriors (D:12)
  7 orc knights (Orc:2)
  2 deep elf pyromancers
  A deep elf zephyrmancer (D:10)
  2 manticores
  A wolf spider (Lair:5)
  3 cyclopes
  An orc sorcerer (Orc:1)
  An ugly thing (D:11)
  A guardian serpent (Lair:5)
  7 black mambas
  An apocalypse crab (Abyss:2)
  2 torpor snails (Lair:5)
  An orange demon (Lair:1)
  16 cane toads
  2 gargoyles
  Maggie (D:6)
  2 efreet (D:13)
  2 unseen horrors
  5 rime drakes
  5 komodo dragons
  12 polar bears
  A raiju (Lair:5)
  A large abomination (Abyss:2)
  6 trolls
  Prince Ribbit (D:8)
  Grinder (D:6)
  4 hornets
  17 blink frogs
  13 dream sheep
  7 saltlings (Orc:2)
  13 wyverns
  50 yaks
  2 wraiths
  2 small abominations (Abyss:2)
  2 steam dragons (D:8)
  3 redbacks (Lair:5)
  3 fire bats (Abyss:2)
  2 basilisks
  A neqoxec (Abyss:2)
  A redback (shapeshifter) (D:13)
  7 wargs
  4 nagas (Lair:2)
  Edmund (D:6)
  16 hell hounds (Lair:5)
  24 water moccasins
  An acid dragon (D:9)
  9 ice beasts
  27 orc warriors
  Duvessa (D:5)
  A sky beast (D:7)
  12 black bears
  9 ogres
  8 centaurs
  23 wolves
  2 phantoms
  2 kobold brigands
  6 bullfrogs
  A gnoll sergeant (D:8)
  7 scorpions
  2 wights (D:6)
  4 killer bees (D:11)
  7 howler monkeys
  An electric eel (D:6)
  4 hounds
  8 orc priests
  Crazy Yiuf (D:5)
  7 jellies
  8 starcursed masses (Abyss:2)
  3 iguanas
  2 sleepcaps
  22 orc wizards
  5 gnolls (D:8)
  4 adders
  A shadow imp (D:8)
  5 white imps
  An ufetubus (D:7)
  A worm (D:4)
  4 dart slugs
  71 orcs
  8 bats
  13 endoplasms
  4 giant cockroaches
  5 hobgoblins
  3 jackals (D:1)
  16 kobolds
  9 quokkas
  9 ball pythons
  7 frilled lizards
  6 goblins
  5 rats
634 creatures vanquished.

Vanquished Creatures (collateral kills)
  A two-headed ogre (D:10)
  A scorpion (D:6)
  A wight (D:6)
  Dowan (D:5)
  A howler monkey (D:6)
  An orc wizard (D:9)
  An orc (D:9)
  A kobold (D:6)
  33 boulders
41 creatures vanquished.

Vanquished Creatures (others)
  Maurice (D:8)
  A dream sheep (Lair:3)
  An orc warrior (D:8)
  2 wights (D:6)
  45 boulders
50 creatures vanquished.

Grand Total: 725 creatures vanquished

Notes
Turn   | Place    | Note
-------+----------+-------------------------------------------
     0 | D:1      | Mesmaeker13 the Deep Elf Earth Elementalist began the quest
                  | for the Orb.
     0 | D:1      | Reached XP level 1. HP: 10/10 MP: 6/6
   122 | D:1      | Reached XP level 2. HP: 15/15 MP: 5/8
   499 | D:1      | Reached XP level 3. HP: 17/19 MP: 6/10
   805 | D:2      | Learned a level 3 spell: Stone Arrow
  1317 | D:3      | Reached XP level 4. HP: 24/24 MP: 9/11
  1436 | D:3      | Noticed a scorpion
  1440 | D:3      | Found a shadowy altar of Dithmenos.
  1444 | D:3      | Killed a scorpion
  1445 | D:3      | Reached skill level 1 in Conjurations
  1576 | D:3      | Reached XP level 5. HP: 28/28 MP: 10/13
  2270 | D:4      | Found an ornate altar of the Wu Jian Council.
  2349 | D:4      | Found an ancient bone altar of Kikubaaqudgha.
  2351 | D:4      | Found a stormy altar of Qazlal.
  2407 | D:4      | Identified the +4 ring mail of Objectivity {Str+4}
  2589 | D:4      | Found a runed translucent gate.
  2590 | D:4      | Found a runed translucent gate.
  2591 | D:4      | Found a runed translucent gate.
  2592 | D:4      | Noticed bmj180's ghost (amateur HuCj)
  2593 | D:4      | Noticed NigelTetley's ghost (amateur DgHu)
  2593 | D:4      | Noticed Pi314's ghost (novice DrCj)
  2823 | D:4      | Noticed an ogre
  2829 | D:4      | Killed an ogre
  2830 | D:4      | Reached XP level 6. HP: 32/32 MP: 6/15
  2964 | D:4      | Reached skill level 1 in Armour
  2964 | D:4      | Reached skill level 5 in Spellcasting
  3227 | D:4      | Learned a level 4 spell: Brom's Barrelling Boulder
  3229 | D:5      | Entered Level 5 of the Dungeon
  3398 | D:5      | Noticed Duvessa
  3398 | D:5      | Noticed Dowan
  3416 | D:5      | Killed Dowan
  3419 | D:5      | Killed Duvessa
  3532 | D:5      | Found a staircase to the Ecumenical Temple.
  3542 | Temple   | Entered the Ecumenical Temple
  3559 | Temple   | Became a worshipper of Vehumet
  3588 | D:5      | Found an opulent altar of Gozag.
  3611 | D:5      | Identified the +6 giant club of the Onslaught {heavy,
                  | Will++}
  3695 | D:5      | Reached skill level 5 in Earth Magic
  3695 | D:5      | Reached XP level 7. HP: 36/36 MP: 14/17
  3966 | D:5      | Found a runed translucent door.
  3967 | D:5      | Noticed Crazy Yiuf
  3973 | D:5      | Killed Crazy Yiuf
  4165 | D:5      | Reached skill level 5 in Dodging
  4729 | D:6      | Noticed Edmund
  4740 | D:6      | Reached XP level 8. HP: 23/41 MP: 12/19
  4812 | D:6      | Noticed Maggie
  4822 | D:6      | Killed Maggie
  4861 | D:6      | Killed Edmund
  5099 | D:6      | Reached * piety under Vehumet
  5099 | D:6      | Offered knowledge of Shock by Vehumet.
  5100 | D:6      | Reached skill level 5 in Conjurations
  5295 | D:6      | Reached XP level 9. HP: 45/45 MP: 15/22
  5326 | D:6      | Noticed Grinder
  5346 | D:6      | Killed Grinder
  5419 | D:6      | Noticed a manticore
  5425 | D:6      | Killed a manticore
  5861 | D:6      | Found a shimmering blue altar of Sif Muna.
  6054 | D:7      | Found Yntall's Armour Boutique.
  6068 | D:7      | Bought a +0 leather armour of poison resistance for 78 gold
                  | pieces
  6146 | D:7      | Offered knowledge of Freeze by Vehumet.
  6171 | D:7      | Learned a level 2 spell: Passwall
  6254 | D:7      | Reached ** piety under Vehumet
  6742 | D:7      | Found a sacrificial altar of Ru.
  6776 | D:7      | Reached XP level 10. HP: 50/50 MP: 21/24
  6800 | D:7      | Found a sparkling altar of Nemelex Xobeh.
  6989 | D:8      | Identified the +0 buckler "Bihoa" {rN+ Str+3 Stlth-}
  7323 | D:8      | Noticed Erica
  7323 | D:8      | Noticed Maurice
  7346 | D:8      | Killed Erica
  7347 | D:8      | Reached skill level 1 in Shields
  7430 | D:8      | Killed Maurice
  7431 | D:8      | Reached skill level 5 in Armour
  7557 | D:8      | Offered knowledge of Dazzling Flash by Vehumet.
  7566 | D:8      | Learned a level 4 spell: Iskenderun's Mystic Blast
  7852 | D:8      | Noticed Prince Ribbit
  7862 | D:8      | Killed Prince Ribbit
  8019 | D:8      | Noticed Gastronok
  8022 | D:8      | Found a bloodstained altar of Trog.
  8259 | D:9      | Found a broken altar of Ashenzari.
  8270 | D:9      | Reached *** piety under Vehumet
  8402 | D:9      | Found a transporter.
  8481 | D:9      | Found a one-way gate to the infinite horrors of the Abyss.
  8485 | D:9      | Found a transporter.
  8521 | D:9      | Noticed a hell hog
  8531 | D:9      | Noticed a deep troll
  8831 | D:9      | Noticed a harpy
  8843 | D:9      | Noticed Vorhees's ghost (novice DjCA)
  8919 | D:10     | Entered Level 10 of the Dungeon
  8937 | D:10     | Noticed a two-headed ogre
  8949 | D:10     | Killed a two-headed ogre
  8950 | D:10     | Reached skill level 10 in Spellcasting
  8996 | D:10     | Noticed Erolcha
  9011 | D:10     | Killed Erolcha
  9102 | D:10     | Reached XP level 11. HP: 54/54 MP: 12/27
  9674 | D:10     | Noticed a deep elf zephyrmancer
  9688 | D:10     | Killed a deep elf zephyrmancer
 10193 | D:11     | Identified the +1 war axe "Jiadail" {flame, rC- rN+ Will++
                  | Str+2}
 10277 | D:11     | Noticed a red ugly thing
 10289 | D:11     | Killed a red ugly thing
 10290 | D:11     | Reached skill level 5 in Transmutations
 10444 | D:10     | Offered knowledge of Frozen Ramparts by Vehumet.
 10764 | D:11     | Found a staircase to the Orcish Mines.
 11281 | D:11     | Found a staircase to the Lair.
 11557 | D:11     | Noticed a boulder beetle
 11584 | D:11     | Killed a boulder beetle
 11704 | Lair:1   | Entered Level 1 of the Lair of Beasts
 11734 | Lair:1   | Reached **** piety under Vehumet
 12276 | Lair:1   | Offered knowledge of Ignite Poison by Vehumet.
 12495 | Lair:1   | Reached XP level 12. HP: 38/59 MP: 16/29
 12602 | Lair:1   | Noticed Amaemon
 12621 | Lair:1   | Killed Amaemon
 12946 | Lair:1   | You fall into a shaft and drop 1 floor!
 13243 | Lair:2   | Reached skill level 10 in Earth Magic
 13294 | Lair:2   | Found a staircase to the Snake Pit.
 13865 | Lair:2   | Noticed a seven-headed hydra
 14017 | Lair:2   | Learned a level 5 spell: Arcjolt
 14073 | Lair:2   | Killed a seven-headed hydra
 14199 | Lair:2   | Noticed a seven-headed hydra
 14209 | Lair:2   | Killed a seven-headed hydra
 14210 | Lair:2   | Reached skill level 1 in Air Magic
 14289 | Lair:2   | Reached skill level 5 in Shields
 14502 | Lair:3   | Noticed a boulder beetle
 14510 | Lair:3   | Killed a boulder beetle
 14706 | Lair:3   | Reached skill level 10 in Conjurations
 14936 | Lair:3   | Found a staircase to the Swamp.
 14936 | Lair:3   | Noticed an eleionoma
 14941 | Lair:3   | Killed an eleionoma
 15555 | Lair:3   | Identified a scroll of acquirement
 15557 | Lair:3   | Acquired the +1 hat of the Turtledove {Fly Regen+ MP+9
                  | Stlth+}
 16042 | Lair:4   | Reached ***** piety under Vehumet
 16043 | Lair:4   | Reached XP level 13. HP: 48/63 MP: 24/32
 16045 | Lair:4   | Offered knowledge of Fireball by Vehumet.
 16217 | Lair:4   | Found a staircase to the Slime Pits.
 16450 | Lair:4   | Found a viscous altar of Jiyva.
 16541 | Lair:4   | Reached skill level 5 in Air Magic
 16989 | Lair:5   | Entered Level 5 of the Lair of Beasts
 17525 | Lair:5   | Learned a level 5 spell: Fireball
 17548 | Lair:5   | Offered knowledge of Eringya's Noxious Bog by Vehumet.
 17702 | Lair:5   | Reached skill level 1 in Fire Magic
 17719 | Lair:5   | Reached skill level 1 in Fighting
 18449 | Lair:5   | Reached XP level 14. HP: 72/72 MP: 15/33
 18856 | Lair:5   | Identified the +8 falchion "Suafah" {vamp, Str+6}
 18858 | Lair:5   | Identified the +0 scale mail of the Depths {rElec Str-2
                  | Slay+3}
 19690 | Lair:5   | Offered knowledge of Conjure Ball Lightning by Vehumet.
 19696 | Lair:5   | Reached skill level 5 in Fire Magic
 20421 | Orc:1    | Entered Level 1 of the Orcish Mines
 20524 | Orc:2    | Entered Level 2 of the Orcish Mines
 20585 | Orc:1    | Noticed Harold
 20594 | Orc:1    | Killed Harold
 21504 | Orc:2    | Found a staircase to the Elven Halls.
 21780 | Orc:2    | Found Cuulirphe's Distillery.
 21804 | Orc:2    | Found Rukogim's Weapon Shoppe.
 21994 | Orc:2    | Found Dutoss's Armour Shoppe.
 22091 | Orc:2    | Reached skill level 5 in Fighting
 22137 | Orc:2    | Found Epiur's General Store.
 22273 | Orc:2    | Found Tari's Weapon Emporium.
 22294 | Orc:2    | Reached ****** piety under Vehumet
 22330 | Orc:2    | Found a burning altar of Makhleb.
 22402 | Orc:2    | Upgraded the game from 0.31-a0-859-g9dce7d3444 to
                  | 0.31-a0-865-g3d5d91748a
 22859 | D:12     | Offered knowledge of Iskenderun's Battlesphere by Vehumet.
 23742 | Abyss:2  | Cast into level 2 of the Abyss (a wizard)
 23799 | Abyss:2  | Gained mutation: You are weak. (Str -2) [a neqoxec]
 23801 | Abyss:2  | Reached XP level 15. HP: 82/82 MP: 34/34
 23941 | Abyss:2  | Killed from afar by an ironbound thunderhulk

Illustrated notes

Levels and vault maps discovered:
D:1:      dpeg_arrival_solitude, layout_rooms, minmay_ruptured
D:2:      layout_basic, serial_glass, glass_columns_c, glass_columns_c,
          glass_columns_b, glass_columns_c, glass_columns_a, glass_columns_a
D:3:      layout_rooms, mainiacjoe_overflow_concentric_impassable
D:4:      kennysheep_spiral_hall, layout_basic,
          nicolae_wu_jian_immortal_techniques, nicolae_overflow_squiral,
          gammafunk_ghost_cemetery, kennysheep_dice
D:5:      layout_loops_corners, grunt_gozag_breadcrumbs,
          minmay_temple_entry_statues_pillars, serial_rivers,
          chequers_serial_rivers_large_b, chequers_serial_rivers_micro_a,
          chequers_serial_rivers_micro_a, chequers_serial_rivers_marsh,
          chequers_serial_rivers_room_b, uniq_duvessa, uniq_crazy_yiuf_cottage
D:6:      layout_loops_ring, kennysheep_orc_sif_temple, serial_bayou,
          serial_bayou_crossing, serial_bayou_shore_a, serial_bayou_lagoon_a,
          serial_bayou_pond_a, grunt_potential, uniq_grinder, uniq_maggie,
          uniq_edmund
D:7:      layout_basic, nemelex_dance_club_becter, overflow_temple_1_default,
          serial_shops, shop
D:8:      layout_basic, mainiacjoe_overflow_tiny_flanked, uniq_gastronok,
          uniq_prince_ribbit1, uniq_erica, uniq_maurice
D:9:      layout_roguey, gammafunk_ghost_abyssal_escape, kennysheep_small_circle
D:10:     layout_loops_ring, minmay_misc_feat_encased, minmay_librarian,
          uniq_erolcha
D:11:     layout_long_grid, hellmonk_lair_entry_icy, orc_0_dummy,
          dk_noncrumbling_3
D:12:     layout_cave_pools
D:13:     mludivico_vault, layout_small_grid, laboratory
Temple:   compressed_dpeg_triangle_lava_temple
Lair:1:   layout_hall_layers, uniq_amaemon
Lair:2:   layout_regular_city, guppyfry_snake_entry_garden,
          chequers_serial_rivers_small_b, lemuel_fruit_fields
Lair:3:   layout_regular_city, alex1729_swamp_entry_worm_eleionoma,
          nicolae_volcano_entry_hallway, chequers_serial_rivers_micro_d
Lair:4:   layout_long_grid, nicolae_slime_entry_slimehenge, columned_hall_lemuel
Lair:5:   hangedman_lair_tendril_chambers, layout_hall_layers,
          hangedman_lair_caniforms_friends, st_stairs_12, serial_bayou_shore_b
Orc:1:    layout_diamond_mine, uniq_harold
Orc:2:    hellmonk_orc_salted, layout_caves, basic_altar, serial_shops, shop,
          hangedman_feature_mirror
Abyss:2:  base: Lair:5, minivault_20, minivault_4, minivault_24,
          evilmike_abyss_exit_16

Skill      XL: |  1  2  3  4  5  6  7  8  9 10 11 12 13 14 |
---------------+-------------------------------------------+-----
Stealth        | 3 4 |  4.1
Dodging        | 3 4 5 6 8 |  8.1
Spellcasting   | 4 5 6 7 8 10 11 13 | 13.0
Conjurations   | 1 2 3 4 5 6 7 9 10 12 13 | 13.9
Earth Magic    | 4 5 6 7 8 9 10 | 10.1
Armour         | 1 2 3 4 5 6 7 |  7.1
Transmutations | 2 4 6 |  6.7
Shields        | 2 4 6 7 |  7.6
Air Magic      | 4 7 9 |  9.7
Fire Magic     | 3 7 |  7.3
Fighting       | 2 5 |  5.5

Action                     |  1- 3 |  4- 6 |  7- 9 | 10-12 | 13-15 || total
---------------------------+-------+-------+-------+-------+-------++-------
  Melee: Unarmed           |     2 |       |       |       |       ||     2
         Short sword       |       |     4 |       |       |       ||     4
         Scimitar          |       |       |     6 |    67 |   139 ||   212
         Punch             |       |       |     1 |     2 |       ||     3
  Throw: Javelin           |       |     2 |       |       |       ||     2
         Dart              |       |       |       |     4 |     4 ||     8
         Throwing net      |       |       |       |       |     2 ||     2
   Cast: Sandblast         |    66 |    78 |    69 |   141 |    52 ||   406
         Stone Arrow       |       |     4 |    50 |   123 |   249 ||   426
         Brom's Barrelling |       |       |     5 |   103 |    19 ||   127
         Iskenderun's Myst |       |       |       |     2 |       ||     2
         Passwall          |       |       |       |     2 |       ||     2
         Arcjolt           |       |       |       |    11 |    84 ||    95
         Fireball          |       |       |       |       |    64 ||    64
  Evoke: Wand              |       |     7 |    18 |    19 |    13 ||    57
    Use: Scroll            |       |     5 |     4 |    14 |     6 ||    29
         Potion            |       |       |       |       |     1 ||     1
 Armour: Robe              |    15 |    14 |     3 |       |       ||    32
         Steam dragon scal |       |       |    27 |   139 |       ||   166
         Leather armour    |       |       |       |    35 |   228 ||   263
  Dodge: Dodged            |    29 |    24 |    33 |   192 |   334 ||   612
  Block: Buckler           |       |       |       |    11 |   122 ||   133

Table legend: (Time is in decaauts)
 A = Elapsed time spent in this place.
 B = Non-inter-level travel time spent in this place.
 C = Inter-level travel time spent in this place.
 D = Time resting spent in this place.
 E = Time spent auto-exploring this place.
 F = Levels seen in this place.
 G = Mean time per level.
                   A        B        C        D        E       F      G
               +--------+--------+--------+--------+--------+-----+--------+
         Total |  24345 |  23418 |    927 |   2311 |  16035 |  22 | 1106.6 |
       Dungeon |  13390 |  12825 |    565 |    787 |   9330 |  13 | 1030.0 |
        Temple |     34 |     18 |     16 |      0 |      0 |   1 |   34.0 |
          Lair |   8697 |   8370 |    327 |   1140 |   5538 |   5 | 1739.4 |
  Orcish Mines |   2023 |   2005 |     18 |    384 |   1167 |   2 | 1011.5 |
         Abyss |    200 |    200 |      0 |      0 |      0 |   1 |  200.0 |
               +--------+--------+--------+--------+--------+-----+--------+

Top non-repeatable levels by time:
  Lair:5: 3004 daAuts
  Lair:1: 1558 daAuts
    D:11: 1550 daAuts
    D:10: 1513 daAuts
     D:6: 1470 daAuts
  Lair:3: 1420 daAuts
  Lair:2: 1416 daAuts
   Orc:2: 1410 daAuts
     D:5: 1321 daAuts
  Lair:4: 1297 daAuts
     D:4: 1222 daAuts
     D:8: 1189 daAuts
     D:7: 1071 daAuts
     D:9: 831 daAuts
     D:1: 823 daAuts
